 Dungeon Crawl Stone Soup version 0.28-a0-1387-g3a22ab9bdc (webtiles) character file.

Game seed: 3255125541849573300

427 HallandMoats the Warrior (level 6, -1/48 HPs)
             Began as a Demonspawn Fighter on Jan 3, 2022.
             Was a Believer of Okawaru.
             Slain by a lemure (4 damage)
             ... led by Pikel
             ... on level 4 of the Dungeon.
             The game lasted 00:03:57 (3562 turns).

HallandMoats the Warrior (Demonspawn Fighter)       Turns: 3562, Time: 00:03:57

Health: -1/48      AC: 12    Str: 16    XL:     6   Next: 65%
Magic:  9/9        EV: 10    Int: 15    God:    Okawaru [**....]
Gold:   113        SH:  5    Dex: 15    Spells: 5/5 levels left

rFire   . . .      SeeInvis .   a - +0 war axe
rCold   . . .      Faith    .   c - +0 buckler
rNeg    . . .      Spirit   .   b - +0 scale mail
rPois   .          Reflect  .   q - +1 helmet "Vuozxug" {Int+6}
rElec   .          Harm     .   h - +0 cloak
rCorr   .          Rampage  .   (no gloves)
Will    .....                   (no boots)
Stlth   ..........              (no amulet)
HPRegen 0.16/turn               (no ring)
MPRegen 0.11/turn               (no ring)

@: mighty
A: molten scales 1, spiny 1
a: Renounce Religion, Heroism


You were on level 4 of the Dungeon.
You worshipped Okawaru.
Okawaru was pleased with you.
You visited 1 branch of the dungeon, and saw 4 of its levels.

You collected 113 gold pieces.

Inventory:

Hand Weapons
 a - a +0 war axe (weapon)
Armour
 b - a +0 scale mail (worn)
 c - a +0 buckler (worn)
 g - a +0 helmet
 h - a +0 cloak (worn)
 q - the +1 helmet "Vuozxug" (worn) {Int+6}
   (You took it off Robin on level 4 of the Dungeon)

   Int:       It affects your intelligence (+6).
Wands
 n - a wand of iceblast (18)
 p - a wand of digging (1)
Scrolls
 e - 3 scrolls of vulnerability {unknown}
 i - a scroll of blinking {unknown}
 j - a scroll of amnesia {unknown}
 k - a scroll of magic mapping {unknown}
 l - a scroll of fog {unknown}
 o - a scroll of identify {unknown}
Potions
 f - 2 potions of curing {unknown}
 m - a potion of degeneration {unknown}


   Skills:
 + Level 3.9 Fighting
 + Level 2.9 Axes
 + Level 3.4 Armour
 + Level 2.0 Dodging
 + Level 3.6 Shields
 * Level 4.7 Invocations


You had 5 spell levels left.
You didn't know any spells.
Your spell library contained the following spells:

 Spells                   Type           Power      Damage    Failure   Level
 Apportation              Tloc           0%         N/A       69%         1
 Animate Skeleton         Necr           Unusable   N/A       N/A         1
 Summon Small Mammal      Summ           Unusable   N/A       N/A         1

Dungeon Overview and Level Annotations

Branches:
Dungeon (4/15)             Temple (0/1) D:4

Altars:
Okawaru

Annotations:
D:4 Dowan, Pikel


Innate Abilities, Weirdness & Mutations

You are partially covered in molten scales. (AC +2)
You are partially covered in sharp spines.


Message History

The lemure is moderately wounded.
You block the lemure's attack. The lemure is struck by your spines.
The lemure hits you.
* * * LOW HITPOINT WARNING * * *
You slash the lemure!
The lemure is severely wounded.
The lemure closely misses you.
You hit the lemure.
The lemure is almost dead.
The lemure hits you but does no damage.
You hit the lemure.
The lemure is almost dead.
The lemure misses you.
You slash the lemure!
You kill the lemure!
That felt strangely unrewarding.
Dowan mumbles some strange words.
Dowan blinks!
You now have 113 gold pieces (gained 13).
You feel like a meek peon again. You block Dowan's attack.
You barely miss Dowan. Dowan hits you with a +0 dagger.
* * * LOW HITPOINT WARNING * * *
Dowan casts a spell.
Dowan blinks!
A lemure comes into view.
Dowan hits you with a +0 dagger.
* * * LOW HITPOINT WARNING * * *
Pikel, Merchant of Souls comes into view.
He is wielding a +2 whip of freezing and carrying a wand of iceblast (4).
Dowan hits you but does no damage.
You barely miss Dowan.
Pikel shouts!
Dowan is struck by your spines. Dowan hits you but does no damage.
Dowan mumbles some strange words.
Dowan blinks!
A lemure comes into view.
You are no longer glowing.
Dowan casts a spell.
Dowan blinks!
The lemure hits you.
You die...

# ⌠.⌠ ### ##.>.##.#
..### ##⌠.⌠##.#
##.#.. ###+###.#
..#.# # #. #.# ....§
# #( #.#######.#5#
###.# #........K#.#
##..###.#######5#.###
#........).....@...#
##...##.#########e###
#.............. .#
##...#.#####..# ##
.....#.# .....#..
##.#.#### #)#.#
##.#.#


You could see Pikel, 2 lemures and Dowan (fast).

Vanquished Creatures
  Duvessa (D:4)
  A necrophage (D:4)
  2 lemures (D:4)
  A howler monkey (D:4)
  Jessica (D:3)
  An orc wizard (D:4)
  Robin (D:4)
  4 adders
  A gnoll (D:1)
  2 worms (D:2)
  4 dart slugs
  4 orcs (D:4)
  7 endoplasms
  12 goblins
  10 hobgoblins
  3 jackals (D:1)
  5 kobolds
  A quokka (D:4)
  7 ball pythons
  5 bats
  2 frilled lizards
  4 rats
79 creatures vanquished.

Vanquished Creatures (others)
  4 fungi (D:2)
4 creatures vanquished.

Grand Total: 83 creatures vanquished

Notes
Turn   | Place    | Note
-------+----------+-------------------------------------------
     0 | D:1      | HallandMoats the Demonspawn Fighter began the quest for the
                  | Orb.
     0 | D:1      | Reached XP level 1. HP: 18/18 MP: 1/1
    57 | D:1      | Reached skill level 1 in Invocations
   149 | D:1      | Gained mutation: You are partially covered in sharp spines.
                  | [demonic ancestry]
   149 | D:1      | Reached XP level 2. HP: 20/24 MP: 2/2
   515 | D:1      | Reached skill level 2 in Invocations
   519 | D:1      | Reached XP level 3. HP: 23/29 MP: 4/4
  1085 | D:2      | Reached skill level 1 in Dodging
  1288 | D:2      | Reached XP level 4. HP: 35/35 MP: 5/5
  1500 | D:2      | Found a faded altar of an unknown god.
  1524 | D:2      | Prayed at the altar of an unknown god.
  1524 | D:2      | Became a worshipper of Warmaster Okawaru
  1524 | D:2      | Reached * piety under Okawaru
  2021 | D:3      | Noticed Jessica
  2025 | D:3      | Killed Jessica
  2026 | D:3      | Reached skill level 3 in Invocations
  2394 | D:3      | Reached XP level 5. HP: 41/41 MP: 7/7
  2777 | D:4      | Noticed a necrophage
  2789 | D:4      | Killed a necrophage
  3107 | D:4      | Identified the +1 helmet "Vuozxug" {Int+6}
  3107 | D:4      | Noticed Robin
  3124 | D:4      | Reached skill level 4 in Invocations
  3137 | D:4      | Killed Robin
  3186 | D:4      | Gained mutation: You are partially covered in molten
                  | scales. (AC +2) [demonic ancestry]
  3186 | D:4      | Reached XP level 6. HP: 44/48 MP: 9/9
  3428 | D:4      | Found a staircase to the Ecumenical Temple.
  3523 | D:4      | Noticed Duvessa
  3523 | D:4      | Noticed Dowan
  3537 | D:4      | Killed Duvessa
  3537 | D:4      | Reached ** piety under Okawaru
  3560 | D:4      | Noticed Pikel
  3562 | D:4      | Slain by a lemure

Illustrated notes

Levels and vault maps discovered:
D:1:      dpeg_arrival_ternary, layout_rooms
D:2:      layout_basic, shapermc_ecumenical_altar_ellora
D:3:      layout_basic, uniq_jessica
D:4:      layout_basic, temple_doors_ab, uniq_crazy_yiuf_cottage, uniq_robin,
          uniq_pikel, uniq_duvessa

Skill      XL: |  1  2  3  4  5  6 |
---------------+-------------------+-----
Invocations    | 1 2 3 4 |  4.7
Axes           | 2 |  2.9
Dodging        | 1 2 |  2.0
Shields        | 3 |  3.6
Armour         | 3 |  3.4
Fighting       | |  3.9

Action                   |  1- 3 |  4- 6 || total
-------------------------+-------+-------++-------
Melee: War axe           |    61 |   118 ||   179
Invok: Heroism           |       |     1 ||     1
  Use: Potion            |       |     1 ||     1
Armor: Scale mail        |    27 |    54 ||    81
Dodge: Dodged            |    30 |    38 ||    68
Block: Buckler           |    11 |    38 ||    49

Table legend: (Time is in decaauts)
 A = Elapsed time spent in this place.
 B = Non-inter-level travel time spent in this place.
 C = Inter-level travel time spent in this place.
 D = Time resting spent in this place.
 E = Time spent auto-exploring this place.
 F = Levels seen in this place.
 G = Mean time per level.
                   A        B        C        D        E       F      G
               +--------+--------+--------+--------+--------+-----+--------+
         Total |   3629 |   3448 |    181 |    378 |   2434 |   4 |  907.2 |
       Dungeon |   3629 |   3448 |    181 |    378 |   2434 |   4 |  907.2 |
               +--------+--------+--------+--------+--------+-----+--------+

Top non-repeatable levels by time:
     D:1: 1008 daAuts
     D:2: 899 daAuts
     D:4: 863 daAuts
     D:3: 857 daAuts
